 Dungeon Crawl Stone Soup version 0.29-a0-334-gb41bcbb86e (webtiles) character file.

Game seed: 14163503971373332296

287 KateM the Slasher (level 6, -4/56 HPs)
             Began as a Minotaur Fighter on Apr 15, 2022.
             Slain by a gnoll
             ... wielding a +0 halberd
              (5 damage)
             ... on level 3 of the Dungeon.
             The game lasted 00:01:55 (1572 turns).

KateM the Slasher (Minotaur Fighter)                Turns: 1572, Time: 00:01:56

Health: -4/56      AC:  7    Str: 22    XL:     6   Next: 8%
Magic:  5/5        EV:  9    Int:  5    God:
Gold:   146        SH:  4    Dex: 10    Spells: 5/5 levels left

rFire   . . .      SeeInvis .   f - +2 long sword (vamp)
rCold   . . .      Faith    .   c - +0 buckler
rNeg    . . .      Spirit   .   b - +0 scale mail
rPois   .          Reflect  .   (helmet restricted)
rElec   .          Harm     .   (no cloak)
rCorr   .          Rampage  .   (no gloves)
Will    .....                   (no boots)
Stlth   ..........              (no amulet)
HPRegen 0.18/turn               (no ring)
MPRegen 0.09/turn               (no ring)

@: lethally poisoned (-4 -> -7), hasted, very quick
A: horns 2, retaliatory headbutt
a: no special abilities


You were on level 3 of the Dungeon.
You visited 1 branch of the dungeon, and saw 3 of its levels.

You collected 146 gold pieces.

Inventory:

Hand Weapons
 f - a +2 vampiric long sword (weapon)
Missiles
 m - a throwing net (quivered)
Armour
 b - a +0 scale mail (worn)
 c - a +0 buckler (worn)
Scrolls
 g - 4 scrolls of identify {unknown}
 i - a scroll of teleportation {unknown}
 k - a scroll of amnesia {unknown}
 l - a scroll of blinking {unknown}
Potions
 a - a potion of magic {unknown}
 d - a potion of might
 e - a potion of curing {unknown}
 h - 3 potions of haste
 j - a potion of brilliance {unknown}


   Skills:
 + Level 5.1 Fighting
 * Level 5.7 Long Blades
 + Level 5.1 Armour
 - Level 3.6 Shields


You had 5 spell levels left.
You didn't know any spells.
Your spell library contained the following spells:

 Spells                   Type           Power      Damage    Failure   Level
 Summon Guardian Golem    Hex/Summ       0%         N/A       99%         3
 Orb of Destruction       Conj           0%         9d5       100%        7
 Spellforged Servitor     Conj/Summ      0%         N/A       100%        7


Dungeon Overview and Level Annotations

Branches:
Dungeon (3/15)

Altars:

Shops:
D:1 !   D:2 :


Innate Abilities, Weirdness & Mutations

You have a pair of horns on your head.
You reflexively headbutt those who attack you in melee.


Message History

You feel very sick.
The gnoll shouts!
The hobgoblin shouts!
The gnoll barely misses you. The gnoll hits you but does no damage.
The hobgoblin moves out of view.
You see here a +0 spear of venom.
There are monsters nearby!
You barely miss the gnoll. You headbutt the gnoll!
The gnoll is severely wounded.
You feel sick. The gnoll hits you with a +0 halberd.
The gnoll closely misses you.
You hit the gnoll.
You feel better.
The gnoll is almost dead.
You feel sick. The gnoll hits you with a +0 halberd.
You block the gnoll's attack.
There are monsters nearby!
You are too injured to fight recklessly!
There are monsters nearby!
You are too injured to fight recklessly!
There are monsters nearby!
You are too injured to fight recklessly!
There are monsters nearby!
You are too injured to fight recklessly!
Unknown command.
You are too injured to fight recklessly!
You are too injured to fight recklessly!
You are too injured to fight recklessly!
You hit the gnoll. Your headbutt misses the gnoll.
The gnoll is lightly wounded.
You feel sick. The gnoll hits you but does no damage.
The gnoll hits you with a +0 halberd!
* * * LOW HITPOINT WARNING * * *
You slash the gnoll!
You kill the gnoll!
You feel sick. The gnoll hits you with a +0 halberd!
* * * LOW HITPOINT WARNING * * *
The gnoll misses you. You furiously retaliate!
You headbutt the gnoll.
It was a potion of haste.
You feel yourself speed up.
* * * LOW HITPOINT WARNING * * *
You feel sick. The gnoll hits you with a +0 halberd.
You die...

# .# ##### #)g.# ####
#@### ###..# #.))#
#...##.######.#
#.##.#.....)..#
###....####..####
####...#### #..#
..........## #..#
...######..###..###...
...# ##..)......>..


You could see a gnoll.

Vanquished Creatures
  An ogre (D:3)
  A gnoll shaman (D:3)
  6 adders
  7 gnolls (D:3)
  2 worms (D:2)
  2 dart slugs
  2 ball pythons
  2 bats
  5 endoplasms
  2 giant cockroaches (D:3)
  4 goblins (D:2)
  7 hobgoblins
  3 frilled lizards
  7 kobolds
  7 rats
58 creatures vanquished.

Notes
Turn   | Place    | Note
-------+----------+-------------------------------------------
     0 | D:1      | KateM the Minotaur Fighter began the quest for the Orb.
     0 | D:1      | Reached XP level 1. HP: 19/19 MP: 0/0
   118 | D:1      | Reached XP level 2. HP: 8/27 MP: 1/1
   430 | D:1      | Found Fuecwyit's Distillery.
   614 | D:2      | Found a faded altar of an unknown god.
   723 | D:2      | Reached XP level 3. HP: 33/33 MP: 2/2
   847 | D:2      | Found Kuniont's Book Boutique.
  1061 | D:2      | Reached XP level 4. HP: 40/40 MP: 3/3
  1505 | D:3      | Noticed an ogre
  1525 | D:3      | Killed an ogre
  1526 | D:3      | Reached skill level 5 in Long Blades
  1526 | D:3      | Reached XP level 5. HP: 45/47 MP: 4/4
  1538 | D:3      | Reached skill level 5 in Fighting
  1538 | D:3      | Reached skill level 5 in Armour
  1565 | D:3      | Reached XP level 6. HP: 53/56 MP: 5/5
  1571 | D:3      | HP: 1/56 [gnoll/+0 halberd (8)]
  1572 | D:3      | Slain by a gnoll

Illustrated notes

Levels and vault maps discovered:
D:1:      elethiomel_arrival_shortcut, layout_rooms, serial_shops, shop
D:2:      minmay_diamond_boxcup, layout_basic, serial_shops, shop,
          nicolae_ecumenical_pavilion
D:3:      layout_rooms, serial_shops, shop, bh_walls_and_bars

Skill      XL: |  1  2  3  4  5 |
---------------+----------------+-----
Long Blades    | 3 4 5 |  5.7
Armour         | 4 5 |  5.1
Fighting       | 4 5 |  5.1
Shields        | |  3.6

Action                   |  1- 3 |  4- 6 || total
-------------------------+-------+-------++-------
Melee: Long sword        |    81 |    57 ||   138
       Headbutt          |     9 |     9 ||    18
  Use: Potion            |       |     2 ||     2
Armor: Scale mail        |    51 |    27 ||    78
Dodge: Dodged            |    40 |    37 ||    77
Block: Buckler           |    24 |     8 ||    32

Table legend: (Time is in decaauts)
 A = Elapsed time spent in this place.
 B = Non-inter-level travel time spent in this place.
 C = Inter-level travel time spent in this place.
 D = Time resting spent in this place.
 E = Time spent auto-exploring this place.
 F = Levels seen in this place.
 G = Mean time per level.
                   A        B        C        D        E       F      G
               +--------+--------+--------+--------+--------+-----+--------+
         Total |   1604 |   1604 |      0 |     25 |   1221 |   3 |  534.7 |
       Dungeon |   1604 |   1604 |      0 |     25 |   1221 |   3 |  534.7 |
               +--------+--------+--------+--------+--------+-----+--------+

Top non-repeatable levels by time:
     D:2: 805 daAuts
     D:1: 623 daAuts
     D:3: 175 daAuts
